 Dungeon Crawl Stone Soup version 0.23-b1-3-gdda8187c6f (webtiles) character file.

Game seed: 3154557451338601124

421 LostNumber the Charmwright (level 6, -14/51 HPs)
             Began as a Gnoll Skald on Jan 31, 2019.
             Was a Follower of Makhleb.
             Demolished by an ogre
             ... wielding a +0 giant spiked club
              (22 damage)
             ... on level 4 of the Dungeon.
             The game lasted 00:04:58 (3542 turns).

LostNumber the Charmwright (Gnoll Skald)            Turns: 3542, Time: 00:04:58

Health: -14/51     AC:  3    Str: 18    XL:     6   Next: 94%
Magic:  23/23      EV: 14    Int: 15    God:    Makhleb [*.....]
Gold:   195        SH:  0    Dex: 15    Spells: 6/15 levels left

rFire    . . .     SeeInvis .   a - +0 spear
rCold    . . .     Gourm    .   (no shield)
rNeg     . . .     Faith    .   b - +0 leather armour
rPois    .         Spirit   .   (no helmet)
rElec    .         Reflect  .   v - scarf {cloud immunity}
rCorr    .         Harm     .   (no gloves)
MR       .....                  (no boots)
Stlth    ++........             k - amulet of magic regeneration
HPRegen  0.17/turn              e - +3 ring of strength
MPRegen  0.43/turn              o - ring of magical power

@: very slightly contaminated
A: distributed training, fangs 1, strong nose
a: Renounce Religion


You were on level 4 of the Dungeon.
You worshipped Makhleb.
Makhleb was aware of your devotion.
You were hungry.

You visited 1 branch of the dungeon, and saw 4 of its levels.

You collected 195 gold pieces.

Inventory:

Hand Weapons
 a - a +0 spear (weapon)
Armour
 b - a +0 leather armour (worn)
 v - a scarf of cloud immunity (worn)
Jewellery
 e - a +3 ring of strength (left hand)
 k - an amulet of magic regeneration (around neck)
 o - a ring of magical power (right hand)
 s - an uncursed ring of flight {unknown}
 u - an uncursed amulet of faith {unknown}
Scrolls
 f - 2 scrolls of teleportation {unknown}
 g - a scroll of random uselessness {unknown}
 h - 2 scrolls of remove curse {unknown}
 i - 2 scrolls of fear {unknown}
 m - a scroll of amnesia {unknown}
 q - a scroll of fog {unknown}
 t - a scroll of magic mapping {unknown}
 w - a scroll of enchant weapon {unknown}
Potions
 j - 2 potions of lignification
 l - a potion of heal wounds
 n - a potion of mutation {unknown}
 r - a potion of berserk rage
 x - a potion of brilliance
Comestibles
 d - 7 rations


   Skills:
 + Level 5.0 Fighting
 + Level 2.1 Short Blades
 + Level 2.1 Long Blades
 + Level 2.1 Axes
 + Level 2.1 Maces & Flails
 + Level 5.0 Polearms
 + Level 2.1 Staves
 + Level 2.1 Slings
 + Level 2.1 Bows
 + Level 2.1 Crossbows
 + Level 2.1 Throwing
 + Level 3.3 Armour
 + Level 5.0 Dodging
 + Level 2.1 Stealth
 + Level 2.1 Shields
 + Level 2.1 Unarmed Combat
 + Level 5.4 Spellcasting
 + Level 1.7 Conjurations
 + Level 1.7 Hexes
 + Level 5.7 Charms
 + Level 1.7 Summonings
 + Level 1.7 Necromancy
 + Level 1.7 Translocations
 + Level 1.7 Transmutations
 + Level 1.7 Fire Magic
 + Level 1.7 Ice Magic
 + Level 1.7 Air Magic
 + Level 1.7 Earth Magic
 + Level 1.7 Poison Magic
 + Level 2.3 Invocations
 + Level 2.1 Evocations


You had 6 spell levels left.
You knew the following spells:

 Your Spells              Type           Power        Failure   Level  Hunger
a - Infusion              Chrm           ###.         1%          1    None
b - Shroud of Golubria    Chrm/Tloc      ###.......   6%          2    #......
c - Regeneration          Chrm/Necr      ###.......   12%         3    ###....
d - Spectral Weapon       Hex/Chrm       ###.....     12%         3    ###....

Your spell library contained the following spells:

 Spells                   Type           Power        Failure   Level  Hunger
 Song of Slaying          Chrm           ###.....     2%          2    #......


Dungeon Overview and Level Annotations

Branches:
Dungeon (4/15)
 Temple: D:4-7

Altars:
Cheibriados
Gozag
Makhleb
Okawaru
Wu Jian


Innate Abilities, Weirdness & Mutations

Your experience applies equally to all skills.
You have very sharp teeth.
Your uncanny sense of smell can sniff out nearby items.


Message History

Your spectral weapon hits the ogre from afar!
The centaur shoots an arrow.
The arrow hits your spectral weapon!
Your spectral weapon shares its damage with you!
Your spectral weapon fades away.
Attack whom?
Press: ? - help, Dir - move target cursor, f/p - ogre
Aim: an ogre, wielding a +0 giant spiked club (almost dead)
You hit the ogre.
The ogre is almost dead.
The centaur shoots an arrow.
The arrow hits you!
The ogre hits you with a +0 giant spiked club!
* * * LOW HITPOINT WARNING * * *
Attack whom?
Press: ? - help, Dir - move target cursor, f/p - ogre
Aim: an ogre, wielding a +0 giant spiked club (almost dead)
You closely miss the ogre. You bite the ogre, but do no damage.
The ogre is almost dead.
The centaur shoots an arrow.
The arrow completely misses you.
The ogre hits you with a +0 giant spiked club!!
You die...

####... #.# #..>.... ... #......#
#.# ∆ #.^....# #.# .# #+#
#......####c#####...#. ###..
#............(@O...... .....
.............W###...#. #...
..#.........# .# #...
#.#.........# #...
...##.#.........# #...
#........(......# #...
......#.........# ###########
..#####.############ #.........#
..'................#..#.........#


You could see a phantom, an ogre and a centaur.

Vanquished Creatures
  A phantom (D:4)
  A hound (D:4)
  A centaur skeleton (D:4)
  An iguana (D:4)
  3 worker ants (D:4)
  3 gnolls (D:2)
  5 adders
  An adder skeleton (D:4)
  3 worms
  5 dart slugs
  A leopard gecko (D:3)
  4 orcs
  11 goblins
  3 hobgoblins
  10 jackals
  7 kobolds
  2 quokkas
  7 ball pythons
  10 bats
  5 frilled lizards
  A quokka skeleton (D:4)
  7 rats
92 creatures vanquished.

Vanquished Creatures (others)
  A spectral weapon (D:4)
1 creature vanquished.

Grand Total: 93 creatures vanquished

Notes
Turn   | Place    | Note
-------+----------+-------------------------------------------
     0 | D:1      | LostNumber the Gnoll Skald began the quest for the Orb.
     0 | D:1      | Reached XP level 1. HP: 20/20 MP: 6/6
   122 | D:1      | Reached XP level 2. HP: 26/26 MP: 7/7
   126 | D:1      | Learned a level 2 spell: Shroud of Golubria
   593 | D:1      | Reached XP level 3. HP: 31/31 MP: 9/9
   874 | D:2      | Reached skill level 5 in Spellcasting
  1073 | D:2      | Reached skill level 1 in Invocations
  1080 | D:2      | Reached skill level 1 in Short Blades
  1080 | D:2      | Reached skill level 1 in Long Blades
  1080 | D:2      | Reached skill level 1 in Axes
  1080 | D:2      | Reached skill level 1 in Maces & Flails
  1080 | D:2      | Reached skill level 1 in Staves
  1080 | D:2      | Reached skill level 1 in Slings
  1080 | D:2      | Reached skill level 1 in Bows
  1080 | D:2      | Reached skill level 1 in Crossbows
  1080 | D:2      | Reached skill level 1 in Throwing
  1080 | D:2      | Reached skill level 1 in Stealth
  1080 | D:2      | Reached skill level 1 in Shields
  1080 | D:2      | Reached skill level 1 in Unarmed Combat
  1080 | D:2      | Reached skill level 1 in Evocations
  1236 | D:1      | Learned a level 3 spell: Regeneration
  1240 | D:1      | Learned a level 3 spell: Spectral Weapon
  1253 | D:1      | Reached XP level 4. HP: 16/38 MP: 11/11
  1496 | D:2      | Noticed an orc warrior
  1523 | D:2      | Found a burning altar of Makhleb.
  1858 | D:2      | Reached skill level 1 in Conjurations
  1858 | D:2      | Reached skill level 1 in Hexes
  1858 | D:2      | Reached skill level 1 in Summonings
  1858 | D:2      | Reached skill level 1 in Necromancy
  1858 | D:2      | Reached skill level 1 in Translocations
  1858 | D:2      | Reached skill level 1 in Transmutations
  1858 | D:2      | Reached skill level 1 in Fire Magic
  1858 | D:2      | Reached skill level 1 in Ice Magic
  1858 | D:2      | Reached skill level 1 in Air Magic
  1858 | D:2      | Reached skill level 1 in Earth Magic
  1858 | D:2      | Reached skill level 1 in Poison Magic
  1905 | D:2      | Became a worshipper of Makhleb the Destroyer
  1981 | D:3      | Found an opulent altar of Gozag.
  1981 | D:3      | Found an ornate altar of the Wu Jian Council.
  2002 | D:3      | Found a snail-covered altar of Cheibriados.
  2075 | D:3      | Reached XP level 5. HP: 42/43 MP: 12/12
  2177 | D:3      | Reached * piety under Makhleb
  2413 | D:3      | Found an iron altar of Okawaru.
  2519 | D:3      | Noticed an ogre
  2649 | D:4      | Noticed a phantom
  2693 | D:4      | Killed a phantom
  2693 | D:4      | Reached XP level 6. HP: 42/50 MP: 13/13
  3081 | D:4      | Reached skill level 5 in Fighting
  3081 | D:4      | Reached skill level 5 in Polearms
  3081 | D:4      | Reached skill level 5 in Dodging
  3527 | D:4      | Noticed a phantom
  3542 | D:4      | Demolished by an ogre

Skill      XL: |  1  2  3  4  5  6 |
---------------+-------------------+-----
Spellcasting   | 5 |  5.4
Invocations    | 1 2 |  2.3
Short Blades   | 1 2 |  2.1
Long Blades    | 1 2 |  2.1
Axes           | 1 2 |  2.1
Maces & Flails | 1 2 |  2.1
Staves         | 1 2 |  2.1
Slings         | 1 2 |  2.1
Bows           | 1 2 |  2.1
Crossbows      | 1 2 |  2.1
Throwing       | 1 2 |  2.1
Stealth        | 1 2 |  2.1
Shields        | 1 2 |  2.1
Unarmed Combat | 1 2 |  2.1
Evocations     | 1 2 |  2.1
Conjurations   | 1 |  1.7
Hexes          | 1 |  1.7
Summonings     | 1 |  1.7
Necromancy     | 1 |  1.7
Translocations | 1 |  1.7
Transmutations | 1 |  1.7
Fire Magic     | 1 |  1.7
Ice Magic      | 1 |  1.7
Air Magic      | 1 |  1.7
Earth Magic    | 1 |  1.7
Poison Magic   | 1 |  1.7
Armour         | 3 |  3.3
Fighting       | 5 |  5.0
Polearms       | 5 |  5.0
Dodging        | 5 |  5.0
Charms         | |  5.7

Action                   |  1- 3 |  4- 6 || total
-------------------------+-------+-------++-------
Melee: Spear             |    91 |   228 ||   319
       Bite              |     7 |    28 ||    35
 Cast: Infusion          |     3 |     2 ||     5
       Shroud of Golubri |     1 |     1 ||     2
       Spectral Weapon   |       |    12 ||    12
       Regeneration      |       |     2 ||     2
  Use: Scroll            |       |     5 ||     5
 Stab: Sleeping          |     2 |     3 ||     5
  Eat: Chunk             |       |     9 ||     9
Armor: Leather armour    |     9 |    21 ||    30
Dodge: Dodged            |    40 |   147 ||   187
